 Dungeon Crawl Stone Soup version 0.23.2-32-g37ab1d4649 (webtiles) character file.

Game seed: 16975809395948093271

106 Mrkan the Grave Robber (level 4, -3/32 HPs)
             Began as a Gnoll Necromancer on June 25, 2019.
             Killed from afar by an orc wizard (10 damage)
             ... with a magic dart
             ... on level 3 of the Dungeon.
             The game lasted 00:07:44 (2351 turns).

Mrkan the Grave Robber (Gnoll Necromancer)          Turns: 2351, Time: 00:07:45

Health: -3/32      AC:  4    Str: 11    XL:     4   Next: 84%
Magic:  6/11       EV: 15    Int: 18    God:
Gold:   74         SH:  0    Dex: 15    Spells: 8/13 levels left

rFire    . . .     SeeInvis .     - Unarmed
rCold    + . .     Gourm    .   (no shield)
rNeg     . . .     Faith    .   a - +0 robe
rPois    .         Spirit   .   h - +0 helmet
rElec    .         Reflect  .   (no cloak)
rCorr    .         Harm     .   (no gloves)
MR       .....                  i - +0 pair of boots
Stlth    +++.......             (no amulet)
HPRegen  0.50/turn              (no ring)
MPRegen  0.12/turn              (no ring)

@: no status effects
A: distributed training, fangs 1, cold resistance 1, regeneration 1, strong nose
a: no special abilities


You were on level 3 of the Dungeon.
You were not hungry.

You visited 1 branch of the dungeon, and saw 3 of its levels.

You collected 74 gold pieces.

Inventory:

Missiles
 k - 38 stones (quivered)
 l - 4 silver tomahawks
Armour
 a - a +0 robe (worn)
 h - a +0 helmet (worn)
 i - a +0 pair of boots (worn)
Jewellery
 o - a cursed ring of resist corrosion {unknown}
Scrolls
 b - 3 scrolls of identify {unknown}
 e - 2 scrolls of enchant armour {unknown}
 f - 4 scrolls of remove curse {unknown}
 g - a scroll of magic mapping {unknown}
 m - 2 scrolls of immolation {unknown}
 n - a scroll of amnesia {unknown}
Potions
 j - a potion of lignification {unknown}
 p - a potion of agility {unknown}
Comestibles
 c - 5 rations
 d - 3 chunks of flesh


   Skills:
 + Level 1.2 Fighting
 + Level 1.2 Short Blades
 + Level 1.2 Long Blades
 + Level 1.2 Axes
 + Level 1.2 Maces & Flails
 + Level 1.2 Polearms
 + Level 1.2 Staves
 + Level 1.2 Slings
 + Level 1.2 Bows
 + Level 1.2 Crossbows
 + Level 1.2 Throwing
 + Level 1.2 Armour
 + Level 4.7 Dodging
 + Level 4.3 Stealth
 + Level 1.2 Shields
 + Level 1.2 Unarmed Combat
 + Level 5.1 Spellcasting
 + Level 1.0 Conjurations
 + Level 1.0 Hexes
 + Level 1.0 Charms
 + Level 1.0 Summonings
 + Level 7.1 Necromancy
 + Level 1.0 Translocations
 + Level 1.0 Transmutations
 + Level 1.0 Fire Magic
 + Level 1.0 Ice Magic
 + Level 1.0 Air Magic
 + Level 1.0 Earth Magic
 + Level 1.0 Poison Magic
 + Level 1.3 Invocations
 + Level 1.2 Evocations


You had 8 spell levels left.
You knew the following spells:

 Your Spells              Type           Power        Failure   Level  Hunger
a - Pain                  Necr           ####         1%          1    None
b - Animate Dead          Necr           N/A          7%          4    ####...

Your spell library contained the following spells:

 Spells                   Type           Power        Failure   Level  Hunger
 Animate Skeleton         Necr           N/A          1%          1    None
 Vampiric Draining        Necr           ####......   1%          3    ##.....
 Regeneration             Chrm/Necr      ###.......   8%          3    ##.....


Dungeon Overview and Level Annotations

Branches:
Dungeon (3/15)

Altars:
The Shining One


Innate Abilities, Weirdness & Mutations

Your experience applies equally to all skills.
You have very sharp teeth.
Your uncanny sense of smell can sniff out nearby items.
Your flesh is cold resistant. (rC+)
Your natural rate of healing is unusually fast.


Message History

The orc wizard gestures at you while chanting.
The magic dart hits you!
You barely miss the orc wizard. Your bite misses the orc wizard.
The orc wizard is almost dead.
The orc wizard hits you but does no damage.
You barely miss the orc wizard.
The orc wizard is almost dead.
You hear the brisk rusting of a drain nearby.
The orc wizard hits you with a +0 dagger.
You closely miss the orc wizard.
The orc wizard is almost dead.
The orc wizard gestures at you while chanting.
The puff of flame hits you.
* * * LOW HITPOINT WARNING * * *
You miss the orc wizard.
You bite the orc wizard, but do no damage.
The orc wizard is almost dead.
The orc wizard casts a spell at you. The magic dart hits you!
You die...

#.# #......#
#.######
#.####......#
#......#
#.....รท...).#
#.####.#
###..#......#
#....#.# #..########
#.##<#.# #..#
#.##.#.# #..#
#......#
#..#############.###
#...)@..).....##..
#.####o..#.......#
#.# #.....##.##.#
#.. .....### ##.#
#######.... ...###
#...# #...# #...#


You could see an orc wizard.

Vanquished Creatures
  Jessica (D:3)
  An adder (D:2)
  An ooze (D:2)
  A worm (D:3)
  A dart slug (D:1)
  A leopard gecko (D:3)
  4 orcs (D:3)
  6 giant cockroaches
  7 goblins
  5 hobgoblins
  5 jackals (D:1)
  3 kobolds
  A quokka (D:2)
  8 bats
  2 frilled lizards (D:2)
  7 rats
54 creatures vanquished.

Vanquished Creatures (collateral kills)
  An orc (D:3)
1 creature vanquished.

Vanquished Creatures (others)
  An orc (D:3)
1 creature vanquished.

Grand Total: 56 creatures vanquished

Notes
Turn   | Place    | Note
-------+----------+-------------------------------------------
     0 | D:1      | Mrkan the Gnoll Necromancer began the quest for the Orb.
     0 | D:1      | Reached XP level 1. HP: 13/13 MP: 6/6
    94 | D:1      | Reached XP level 2. HP: 14/19 MP: 3/7
   752 | D:1      | Upgraded the game from 0.23.2-30-g0e89c35649 to
                  | 0.23.2-32-g37ab1d4649
   770 | D:1      | Reached XP level 3. HP: 23/25 MP: 6/9
  1106 | D:2      | Reached skill level 5 in Spellcasting
  1163 | D:2      | Reached skill level 1 in Invocations
  1532 | D:2      | Reached skill level 1 in Fighting
  1532 | D:2      | Reached skill level 1 in Short Blades
  1532 | D:2      | Reached skill level 1 in Long Blades
  1532 | D:2      | Reached skill level 1 in Axes
  1532 | D:2      | Reached skill level 1 in Maces & Flails
  1532 | D:2      | Reached skill level 1 in Polearms
  1532 | D:2      | Reached skill level 1 in Staves
  1532 | D:2      | Reached skill level 1 in Slings
  1532 | D:2      | Reached skill level 1 in Bows
  1532 | D:2      | Reached skill level 1 in Crossbows
  1532 | D:2      | Reached skill level 1 in Throwing
  1532 | D:2      | Reached skill level 1 in Armour
  1532 | D:2      | Reached skill level 1 in Shields
  1532 | D:2      | Reached skill level 1 in Unarmed Combat
  1532 | D:2      | Reached skill level 1 in Evocations
  1682 | D:2      | Reached XP level 4. HP: 31/32 MP: 8/11
  1722 | D:2      | Learned a level 4 spell: Animate Dead
  2008 | D:3      | Gained mutation: You are dopey. (Int -2) [potion of
                  | mutation]
  2008 | D:3      | Gained mutation: Armour fits poorly on your strangely
                  | shaped body. [potion of mutation]
  2008 | D:3      | Gained mutation: Your flesh is cold resistant. (rC+)
                  | [potion of mutation]
  2065 | D:2      | Lost mutation: Armour fits poorly on your strangely shaped
                  | body. [potion of mutation]
  2065 | D:2      | Lost mutation: You are dopey. (Int -2) [potion of mutation]
  2065 | D:2      | Gained mutation: Scrolls take you a little longer to read.
                  | [potion of mutation]
  2065 | D:2      | Lost mutation: Scrolls take you a little longer to read.
                  | [potion of mutation]
  2065 | D:2      | Gained mutation: Your natural rate of healing is unusually
                  | fast. [potion of mutation]
  2213 | D:3      | Found a glowing golden altar of the Shining One.
  2267 | D:3      | Noticed Jessica
  2272 | D:3      | Killed Jessica
  2272 | D:3      | Reached skill level 1 in Conjurations
  2272 | D:3      | Reached skill level 1 in Hexes
  2272 | D:3      | Reached skill level 1 in Charms
  2272 | D:3      | Reached skill level 1 in Summonings
  2272 | D:3      | Reached skill level 1 in Translocations
  2272 | D:3      | Reached skill level 1 in Transmutations
  2272 | D:3      | Reached skill level 1 in Fire Magic
  2272 | D:3      | Reached skill level 1 in Ice Magic
  2272 | D:3      | Reached skill level 1 in Air Magic
  2272 | D:3      | Reached skill level 1 in Earth Magic
  2272 | D:3      | Reached skill level 1 in Poison Magic
  2351 | D:3      | Killed from afar by an orc wizard

Skill      XL: |  1  2  3  4 |
---------------+-------------+-----
Spellcasting   | 5 |  5.1
Invocations    | 1 |  1.3
Fighting       | 1 |  1.2
Short Blades   | 1 |  1.2
Long Blades    | 1 |  1.2
Axes           | 1 |  1.2
Maces & Flails | 1 |  1.2
Polearms       | 1 |  1.2
Staves         | 1 |  1.2
Slings         | 1 |  1.2
Bows           | 1 |  1.2
Crossbows      | 1 |  1.2
Throwing       | 1 |  1.2
Armour         | 1 |  1.2
Shields        | 1 |  1.2
Unarmed Combat | 1 |  1.2
Evocations     | 1 |  1.2
Conjurations   | 1 |  1.0
Hexes          | 1 |  1.0
Charms         | 1 |  1.0
Summonings     | 1 |  1.0
Translocations | 1 |  1.0
Transmutations | 1 |  1.0
Fire Magic     | 1 |  1.0
Ice Magic      | 1 |  1.0
Air Magic      | 1 |  1.0
Earth Magic    | 1 |  1.0
Poison Magic   | 1 |  1.0
Dodging        | |  4.7
Stealth        | |  4.3
Necromancy     | |  7.1

Action                   |  1- 3 |  4- 6 || total
-------------------------+-------+-------++-------
Melee: Unarmed           |    27 |    72 ||    99
       Bite              |     6 |     9 ||    15
Throw: Stone             |     2 |       ||     2
 Cast: Pain              |    63 |    37 ||   100
       Animate Dead      |       |     2 ||     2
  Use: Potion            |       |     5 ||     5
 Stab: Sleeping          |     1 |       ||     1
  Eat: Chunk             |     2 |     3 ||     5
Armor: Robe              |    12 |    33 ||    45
Dodge: Dodged            |    39 |    85 ||   124
